 Dungeon Crawl Stone Soup version 0.29-a0-555-g3b24f45cc1 (webtiles) character file.

Game seed: 8924252475854692912

342022 avis the Brawler (level 22, -10/239 HPs)
             Began as an Ogre Transmuter on June 2, 2022.
             Was an Initiate of Gozag.
             Mangled by a yaktaur (glowing shapeshifter) (11 damage)
             ... on level 5 of the Vaults on June 8, 2022.
             The game lasted 08:19:33 (51860 turns).

avis the Brawler (Ogre Transmuter)                 Turns: 51860, Time: 08:19:38

Health: -10/239    AC: 28    Str: 20    XL:     22   Next: 2%
Magic:  27/35      EV: 14    Int: 16    God:    Gozag
Gold:   5089       SH:  0    Dex: 15    Spells: 4/46 levels left

rFire   . . .      SeeInvis .     - Unarmed
rCold   . . .      Faith    .   (shield currently unavailable)
rNeg    + . .      Spirit   .   X - +8 pearl dragon scales "Niunnena" {rN+ Will+}
rPois   .          Reflect  .   E - +1 hat {Will+}
rElec   .          Harm     .   K - scarf {shadows}
rCorr   .          Rampage  .   (gloves unavailable)
Will    ++++.                   (boots unavailable)
Stlth   ..........              h - amulet of regeneration
HPRegen 2.09/turn               y - +4 ring of evasion
MPRegen 0.24/turn               B - ring of wizardry

@: confused, ice-armoured, blade hands, ambrosia-drunk, marked, gold aura,
hasted, very quick
A: large, unfitting armour, tough skin 1, low MP 1, regeneration 1
}: 2/15 runes: decaying, serpentine
a: End Transformation, Renounce Religion, Potion Petition, Call Merchant, Bribe
Branch


You were on level 5 of the Vaults.
You worshipped Gozag.
Gozag was greatly pleased with you.
You had blades for hands.
You visited 7 branches of the dungeon, and saw 35 of its levels.
You visited 1 bazaar.
You also visited: Bailey, Gauntlet, Ice Cave and Volcano.

You collected 16085 gold pieces.
You spent 6932 gold pieces at shops.
You paid 4064 gold pieces to Gozag.

Inventory:

Hand Weapons
 a - the +2 rapier of Gozag's Regard {vorpal, *Noise Str+4 Int+6}
   (You bought it in a shop in a bazaar)

   It inflicts extra damage upon your enemies.
   Str:       It affects your strength (+4).
   Int:       It affects your intelligence (+6).
   *Noise:    It may make noises in combat.
 b - a +1 battleaxe of freezing
Missiles
 f - 4 silver javelins (quivered)
 H - 4 throwing nets
 Q - 46 large rocks
Armour
 c - a +2 kite shield of protection (melded)
 E - a +1 hat of willpower (worn)
 K - a scarf of shadows (worn)
 X - the +8 pearl dragon scales "Niunnena" (worn) {rN+ Will+}
   (You bought it in a shop on level 7 of the Dungeon)

   rN:        It protects you from negative energy.
   Will:      It increases your willpower.
Jewellery
 e - a ring of wizardry
 h - an amulet of regeneration (around neck)
 y - a +4 ring of evasion (left blade hand)
 B - a ring of wizardry (right blade hand)
Wands
 i - a wand of polymorph (10)
 k - a wand of flame (36)
 x - a wand of digging (9)
 L - a wand of paralysis (27)
Scrolls
 j - 6 scrolls of fog
 o - 24 scrolls of teleportation
 A - 6 scrolls of summoning
 C - a scroll of blinking
 G - 5 scrolls of fear
 J - 2 scrolls of magic mapping
 M - a scroll of silence
Potions
 l - 13 potions of curing
 n - 3 potions of cancellation
 p - 7 potions of might
 q - 2 potions of haste
 r - 7 potions of brilliance
 t - 9 potions of lignification
 u - 14 potions of flight
 v - 4 potions of invisibility
 z - 3 potions of berserk rage
 F - 7 potions of magic
 I - 5 potions of ambrosia
 N - 3 potions of resistance
Miscellaneous
 d - a phantom mirror
 m - a phantom mirror
 R - a tin of tremorstones (2/2)
 S - a piece from Xom's chessboard (15/15)
 W - a phantom mirror
 Y - a tin of tremorstones (2/2)


   Skills:
 - Level 18.0 Fighting
 - Level 9.0 Throwing
 - Level 14.3 Armour
 - Level 5.0 Dodging
 - Level 10.0 Shields
 - Level 19.0 Unarmed Combat
 * Level 12.9 Spellcasting
 - Level 2.0 Hexes
 - Level 2.0 Translocations
 - Level 17.0 Transmutations
 - Level 6.0 Ice Magic
 - Level 5.0 Earth Magic
 - Level 5.0 Poison Magic
 - Level 11.0 Evocations


You had 4 spell levels left.
You knew the following spells:

 Your Spells              Type           Power      Damage    Failure   Level
a - Beastly Appendage     Tmut           100%       N/A       1%          1
c - Passwall              Tmut/Erth      37%        N/A       4%          2
o - Ozocubu's Armour      Ice            29%        N/A       12%         3
p - Portal Projectile     Hex/Tloc       32%        N/A       32%         3
q - Ice Form              Ice/Tmut       47%        N/A       8%          4
B - Blade Hands           Tmut           29%        N/A       4%          5
D - Dragon Form           Tmut           29%        N/A       26%         7
E - Eringya's Noxious Bo  Tmut/Pois      22%        N/A       38%         6
S - Statue Form           Tmut/Erth      30%        N/A       38%         6
Y - Yara's Violent Unrav  Hex/Tmut       20%        3d9       21%         5

Your spell library contained the following spells:

 Spells                   Type           Power      Damage    Failure   Level
 Wereblood                Tmut           59%        N/A       1%          2
 Sting                    Tmut/Pois      100%       1d8       3%          1
 Spider Form              Tmut/Pois      45%        N/A       4%          3
 Freeze                   Ice            100%       1d11      8%          1
 Sandblast                Erth           52%        2d12      9%          1
 Petrify                  Tmut/Erth      45%        N/A       9%          4
 Frozen Ramparts          Ice            58%        1d7       12%         3
 Apportation              Tloc           32%        N/A       17%         1
 Slow                     Hex            64%        N/A       17%         1
 Poisonous Vapours        Pois/Air       36%        N/A       19%         2
 Magic Dart               Conj           40%        1d5       28%         1
 Shock                    Conj/Air       40%        1d5       28%         1
 Summon Small Mammal      Summ           40%        N/A       28%         1
 Stone Arrow              Conj/Erth      36%        3d9       30%         3
 Confusing Touch          Hex            16%        N/A       32%         3
 Gell's Gravitas          Tloc           16%        N/A       32%         3
 Lesser Beckoning         Tloc           16%        N/A       32%         3
 Teleport Other           Tloc           16%        N/A       32%         3
 Olgreb's Toxic Radiance  Pois           26%        N/A       32%         4
 Searing Ray              Conj           20%        2d5       36%         2
 Static Discharge         Conj/Air       10%        N/A       36%         2
 Inner Flame              Hex/Fire       13%        N/A       43%         3
 Summon Guardian Golem    Hex/Summ       13%        N/A       43%         3
 Leda's Liquefaction      Hex/Erth       10%        N/A       45%         4
 Call Canine Familiar     Summ           10%        N/A       52%         3
 Swiftness                Air            10%        N/A       52%         3
 Vampiric Draining        Necr           10%        2d6       52%         3
 Hailstorm                Conj/Ice       19%        3d6       52%         4
 Summon Ice Beast         Ice/Summ       19%        N/A       52%         4
 Animate Armour           Summ/Erth      36%        N/A       56%         4
 Cause Fear               Hex            8%         N/A       61%         4
 Anguish                  Hex/Necr       6%         N/A       73%         4
 Fulminant Prism          Conj/Hex       6%         3d7       73%         4
 Iskenderun's Mystic Bla  Conj/Tloc      13%        2d5       73%         4
 Airstrike                Air            5%         N/A       82%         4
 Dispel Undead            Necr           10%        3d9       82%         4
 Sticky Flame             Conj/Fire      10%        2d3       82%         4
 Irradiate                Conj/Tmut      18%        3d19      26%         5
 Lee's Rapid Deconstruct  Erth           13%        3d10*     56%         5
 Metabolic Englaciation   Hex/Ice        11%        N/A       67%         5
 Freezing Cloud           Conj/Ice/Air   8%         6-21      87%         5
 Summon Forest            Summ/Tloc      6%         N/A       94%         5
 Summon Mana Viper        Hex/Summ       13%        N/A       94%         5
 Iron Shot                Conj/Erth      9%         9d3       99%         6
 Dispersal                Tloc           8%         N/A       100%        6
 Summon Cactus Giant      Summ           5%         N/A       100%        6
 Enfeeble                 Hex            8%         N/A       100%        7
 Orb of Destruction       Conj           5%         9d5       100%        7
 Ozocubu's Refrigeration  Ice            14%        4d7       100%        7
 Spellforged Servitor     Conj/Summ      5%         N/A       100%        7
 Summon Hydra             Summ           5%         N/A       100%        7
 Discord                  Hex            8%         N/A       100%        8
 Infestation              Necr           5%         N/A       100%        8
 Summon Horrible Things   Summ           5%         N/A       100%        8
 Polar Vortex             Ice            14%        N/A       100%        9
 Simulacrum               Ice/Necr       Unusable   N/A       N/A         6

Dungeon Overview and Level Annotations

Branches:
Dungeon (13/15)            Temple (1/1) D:7            Lair (6/6) D:8
  Swamp (4/4) Lair:3        Snake (4/4) Lair:3        Slime (0/5) Lair:6
    Orc (2/2) D:11            Elf (0/3) Orc:2        Vaults (5/5) D:13
  Crypt (0/3) Vaults:3     Bailey (visited)           IceCv (visited)
Volcano (visited)         Gauntlet (visited)

Altars:
Ashenzari
Cheibriados
Dithmenos
Elyvilon
Fedhas
Gozag
Hepliaklqana
Kikubaaqudgha
Makhleb
Nemelex Xobeh
Okawaru
Qazlal
Ru
Sif Muna
Trog
Uskayaw
Vehumet
Wu Jian
Xom
Yredelemnul
Zin
The Shining One
Beogh
Lugonu

Shops:
D:2 (   D:7 [   D:12 :   Orc:2 **=(   Vaults:4 *

Portals:
Abyss: Lair:6
Pandemonium: Orc:2
Trove: D:11 (show slimy rune of Zot)


Innate Abilities, Weirdness & Mutations

You have blades for hands.
Your spellcasting is less reliable in this form.
You are incapable of wielding weapons or throwing items.
You are too large for most types of armour.
You have tough skin. (AC +1)
Your magical capacity is low. (-10% MP)
Your natural rate of healing is unusually fast.


Message History

The air twists around and strikes you!
* * * LOW HITPOINT WARNING * * *
You hear a shout!
The dread lich shouts!
The hellion gives a hideous shriek!
A dread lich comes into view.
You feel much better.
You slice the deep elf high priest!!
The deep elf high priest is severely wounded.
The vault warden is no longer distracted by gold.
The deep elf high priest is distracted by your dazzling golden aura.
The vault warden is distracted by your dazzling golden aura.
The vault sentinel blows a loud note on a signal horn!
The yaktaur shoots a bolt.
The bolt barely misses you.
The bolt hits the yaktaur.
The deep elf high priest shouts!
The vault warden shouts!
You completely miss the deep elf high priest.
The deep elf high priest is no longer distracted by gold.
The deep elf high priest is severely wounded.
The yaktaur hits you.
* * * LOW HITPOINT WARNING * * *
Unknown command.
You slice the deep elf high priest!!
You kill the deep elf high priest!
The vault sentinel is distracted by your dazzling golden aura.
The dread lich casts a spell.
The dread lich flickers and vanishes!
The deep elf sorcerer is distracted by your dazzling golden aura.
The titan waves its arms in wide circles.
The air twists around and strikes you!!!
* * * LOW HITPOINT WARNING * * *
A dread lich comes into view.
The deep elf sorcerer shouts!
You are confused.
You feel invigorated.
The hellion is no longer distracted by gold.
The shadow dragon is no longer distracted by gold.
The yaktaur shoots a bolt.
The bolt hits you!
* * * LOW HITPOINT WARNING * * *
The yaktaur hits you!
You die...
Your body crumbles into a pile of gold.

.......................
###########...#....#...
#...p)..##..#........
##.2L##.....#....#...
###DW##....#....# ..
C.##CL###..#....#
#..##e{c####....#
#..###$$###....#
...##@$##....#
#..##c.#....#
#..#{.#....#
#)pp.#..... ##.|.#
###.# ###


You could see a shadow dragon, a titan (empowered), 2 dread liches, a vault
warden, a deep elf sorcerer (fast, empowered), a vault sentinel (empowered), 2
yaktaurs, a freezing wraith and a hellion (summoned).

Vanquished Creatures
  A dread lich (Vaults:4)
  Boris (Vaults:3)
  the Lernaean hydra (Swamp:3)
  Saint Roka (Snake:4)
  Vashnia (Snake:4)
  2 golden dragons (Vaults:5)
  3 tentacled monstrosities (Vaults:5)
  Jorgrun (Snake:3)
  3 titans (Vaults:5)
  2 quicksilver dragons (Vaults:5)
  The ghost of Eczaz the Spry, an adept DEWz of Sif Muna (Vaults:2)
  5 sphinxes
  A tengu reaver (Vaults:5)
  A storm dragon (Vaults:5)
  A fenstrider witch (Swamp:1)
  2 frost giants
  An iron dragon (Vaults:5)
  An orc warlord (Bailey)
  Aizul (Snake:2)
  14 vault wardens
  2 deep elf sorcerers (Vaults:1)
  2 ghouls (Swamp:1)
  2 war gargoyles (Vaults:2)
  8 very ugly things
  11 ironbound preservers
  3 deep elf demonologists
  8 ironbound thunderhulks
  3 stone giants (Vaults:5)
  4 bunyips
  3 eleionomae (Swamp:1)
  11 dire elephants
  A minotaur (Gauntlet)
  2 entropy weavers
  Josephine (D:11)
  A deep elf death mage (Vaults:4)
  3 ettins
  A crystal guardian (Vaults:2)
  3 deep elf high priests
  10 yaktaur captains
  The ghost of Taurus the Cleaver, a journeyman MiBe of Trog (D:11)
  6 great orbs of eyes
  5 salamander tyrants
  39 vault guards
  2 peacekeepers
  2 boulder beetles
  3 demonspawn (Orc:2)
  4 centaur warriors (Vaults:1)
  A spriggan air mage (Swamp:3)
  An ice dragon (IceCv)
  2 ogre magi
  6 ironbound frosthearts
  18 hydras
  10 naga warriors
  9 alligators
  10 anacondas
  8 two-headed ogres
  2 deep troll earth magi (Vaults:1)
  3 death yaks (Lair:5)
  2 spriggan berserkers (Swamp:3)
  A vampire mage (Vaults:3)
  3 thrashing horrors (Lair:6)
  5 orc high priests (Orc:2)
  A tengu warrior (Gauntlet)
  13 naga sharpshooters
  10 shock serpents
  5 goliath frogs
  A sixfirhy (Orc:2)
  5 salamander mystics
  11 swamp dragons
  5 naga ritualists
  27 deep trolls
  8 wizards
  A spriggan druid (Swamp:1)
  A deep elf archer (D:13)
  9 bog bodies
  9 orc knights
  2 phantasmal warriors (Vaults:5)
  19 ironbound convokers
  2 necromancers
  9 orc sorcerers
  11 lindwurms
  An oklob plant (Snake:1)
  A tengu zombie (Vaults:2)
  12 mana vipers
  10 cyclopes
  A frost giant zombie (Vaults:2)
  A manticore (D:13)
  24 salamanders
  28 ugly things
  4 moths of wrath (Vaults:1)
  11 elephants
  8 guardian serpents (Snake:4)
  2 rust devils (Orc:2)
  2 ice statues (IceCv)
  38 black mambas
  22 naga magi
  15 vault sentinels
  A fire giant skeleton (Vaults:3)
  3 smoke demons
  11 cane toads
  2 gargoyles (D:13)
  Maggie (D:8)
  2 torpor snails
  An unseen horror (D:10)
  11 rime drakes
  8 komodo dragons
  A tengu conjurer (Gauntlet)
  49 yaktaurs
  A guardian mummy (D:11)
  A komodo dragon (shapeshifter) (D:13)
  A silent spectre (Vaults:1)
  4 trolls
  An ancient zyme (Lair:6)
  5 tyrant leeches
  A bloated husk (Swamp:2)
  3 red devils
  2 polar bears
  A hornet (shapeshifter) (Vaults:5)
  22 slime creatures
  3 hornets
  11 dream sheep
  A human simulacrum (Vaults:3)
  29 blink frogs
  4 spriggans
  3 shadows
  4 centaur simulacra (D:11)
  2 ynoxinuls
  A yak (shapeshifter) (D:13)
  3 vampires (Vaults:3)
  4 wyverns
  4 basilisks
  6 wraiths
  32 yaks
  A golden eye (shapeshifter) (D:13)
  3 chaos spawn (Lair:6)
  2 redbacks
  8 vampire mosquitoes
  Grum (D:8)
  2 human zombies (Vaults:3)
  40 nagas
  A warg (Orc:1)
  An ogre zombie (Vaults:2)
  2 acid dragons (D:11)
  A hell hound (Volcano)
  15 swamp worms
  12 water moccasins
  9 swamp drakes
  2 meliai simulacra (D:11)
  30 orc warriors
  3 ice beasts (D:11)
  2 large abominations (Lair:6)
  6 ogres
  14 wolves
  6 boggarts (Vaults:1)
  2 centaurs
  2 elf simulacra
  A phantom (D:4)
  10 bullfrogs
  3 kobold brigands
  A gnoll sergeant (D:10)
  A necrophage (D:7)
  2 scorpions
  8 wights
  9 small abominations (Lair:6)
  3 killer bees (D:7)
  A lindwurm simulacrum (IceCv)
  An electric eel (Lair:3)
  5 howler monkeys
  6 crimson imps (D:9)
  5 hounds
  3 komodo dragon simulacra (IceCv)
  3 jellies (D:6)
  35 orc priests
  2 gnoll shamans
  3 iguanas
  3 iron imps (Gauntlet)
  Jessica (D:2)
  Natasha (thrice) (D:2)
  20 orc wizards
  Terence (D:2)
  13 gnolls
  9 acid dragon simulacra (IceCv)
  8 adders
  2 shadow imps
  7 white imps
  8 steam dragon simulacra (IceCv)
  3 ufetubi
  A dart slug (D:1)
  85 orcs
  7 endoplasms
  3 giant cockroaches
  10 hobgoblins
  4 jackals (D:4)
  3 quokkas
  3 ball pythons
  6 bats
  3 frilled lizards
  8 goblins
  42 kobolds
  7 rats
1361 creatures vanquished.

Vanquished Creatures (collateral kills)
  A goliath frog (Swamp:1)
1 creature vanquished.

Vanquished Creatures (others)
  A vault warden (Vaults:5)
  A deep troll earth mage (Vaults:5)
  A yaktaur (shapeshifter) (Vaults:5)
  3 bloated husks
  An orc (D:12)
  22 fungi
  58 plants
  A withered plant (Gauntlet)
88 creatures vanquished.

Grand Total: 1450 creatures vanquished

Notes
Turn   | Place    | Note
-------+----------+-------------------------------------------
     0 | D:1      | avis the Ogre Transmuter began the quest for the Orb.
     0 | D:1      | Reached XP level 1. HP: 19/19 MP: 3/3
   216 | D:1      | Reached XP level 2. HP: 16/29 MP: 3/5
   731 | D:1      | Reached skill level 3 in Unarmed Combat
  1052 | D:1      | Reached XP level 3. HP: 37/37 MP: 4/6
  1056 | D:1      | Learned a level 3 spell: Spider Form
  1440 | D:2      | Noticed Jessica
  1538 | D:2      | Found Carphapti's Weapon Boutique.
  1580 | D:2      | Killed Jessica
  1581 | D:2      | Reached skill level 1 in Poison Magic
  1581 | D:2      | Reached XP level 4. HP: 33/45 MP: 3/8
  1763 | D:2      | Noticed Natasha
  1771 | D:2      | Killed Natasha
  2004 | D:2      | Noticed Terence
  2012 | D:2      | Killed Terence
  2013 | D:2      | Reached XP level 5. HP: 52/53 MP: 5/9
  2112 | D:2      | Noticed Natasha
  2119 | D:2      | Killed Natasha
  2120 | D:2      | Reached skill level 4 in Unarmed Combat
  2283 | D:2      | Learned a level 4 spell: Ice Form
  2389 | D:2      | Noticed Natasha
  2397 | D:2      | Killed Natasha
  2657 | D:3      | Found a faded altar of an unknown god.
  2692 | D:3      | Found a glowing golden altar of the Shining One.
  3037 | D:3      | Found a sparkling altar of Nemelex Xobeh.
  3203 | D:3      | Reached XP level 6. HP: 61/61 MP: 6/10
  4241 | D:4      | Found a shadowy altar of Dithmenos.
  4498 | D:4      | Reached skill level 5 in Unarmed Combat
  4924 | D:4      | Reached skill level 1 in Ice Magic
  4924 | D:4      | Reached XP level 7. HP: 70/70 MP: 7/11
  5541 | D:5      | Entered Level 5 of the Dungeon
  6289 | D:5      | Reached skill level 6 in Unarmed Combat
  6942 | D:6      | Reached XP level 8. HP: 74/78 MP: 10/12
  7260 | D:6      | Reached skill level 7 in Unarmed Combat
  7731 | D:6      | Reached skill level 5 in Fighting
  8318 | D:7      | Found a snail-covered altar of Cheibriados.
  8318 | D:7      | Found a hazy altar of Hepliaklqana.
  8318 | D:7      | Found an opulent altar of Gozag.
  8712 | D:7      | Identified the +1 ring mail of Dogma {rF+ Dex+2}
  8816 | D:7      | Found a staircase to the Ecumenical Temple.
  8826 | Temple   | Entered the Ecumenical Temple
  9140 | D:7      | Found an iron altar of Okawaru.
  9192 | D:7      | Found Sarasvati's Dragon-Slaying Spoils.
  9240 | D:7      | Became a worshipper of Gozag Ym Sagoz the Greedy
  9633 | D:7      | Bought +0 steam dragon scales for 440 gold pieces
  9763 | D:8      | Noticed Maggie
  9774 | D:8      | Killed Maggie
  9775 | D:8      | Reached XP level 9. HP: 69/88 MP: 11/15
  9932 | D:8      | Reached skill level 8 in Unarmed Combat
 10166 | D:8      | Noticed Grum
 10173 | D:8      | Killed Grum
 10250 | D:8      | Noticed a two-headed ogre
 10261 | D:8      | Killed a two-headed ogre
 10262 | D:8      | Reached skill level 9 in Unarmed Combat
 10308 | D:8      | Found a burning altar of Makhleb.
 10567 | D:8      | Found a staircase to the Lair.
 10638 | D:8      | Reached XP level 10. HP: 71/96 MP: 14/16
 11009 | Lair:1   | Entered Level 1 of the Lair of Beasts
 11029 | Lair:1   | Got the Papyrus of Supportive Snow
 11156 | Lair:1   | Reached skill level 10 in Unarmed Combat
 11227 | Lair:1   | Noticed an eight-headed hydra
 11237 | Lair:1   | Killed an eight-headed hydra
 11367 | Lair:1   | Noticed a cane toad
 11372 | Lair:1   | Killed a cane toad
 11373 | Lair:1   | Reached skill level 11 in Unarmed Combat
 11481 | Lair:1   | Noticed a cane toad
 11487 | Lair:1   | Killed a cane toad
 11941 | Lair:1   | Learned a level 2 spell: Wereblood
 12163 | Lair:2   | Noticed a torpor snail
 12278 | Lair:1   | Reached skill level 5 in Armour
 12278 | Lair:1   | Reached XP level 11. HP: 77/109 MP: 13/17
 12359 | Lair:1   | Reached skill level 5 in Dodging
 12580 | Lair:2   | Identified the +6 war axe "Owkorili" {vamp, *Slow Dex+4}
 12584 | Lair:2   | Found a dark tunnel.
 12669 | Volcano  | Entered a volcano
 12713 | Volcano  | Noticed a red ugly thing
 12733 | Volcano  | Killed a red ugly thing
 12734 | Volcano  | Reached skill level 12 in Unarmed Combat
 12765 | Volcano  | Noticed a red ugly thing
 12781 | Volcano  | Killed a red ugly thing
 12832 | Volcano  | Noticed an orc sorcerer
 12850 | Volcano  | Killed an orc sorcerer
 13013 | Lair:2   | Reached skill level 13 in Unarmed Combat
 13692 | Lair:3   | Noticed a six-headed hydra
 13716 | Lair:3   | Killed a six-headed hydra
 13828 | Lair:3   | Found a staircase to the Snake Pit.
 14024 | Lair:3   | Reached XP level 12. HP: 124/124 MP: 18/18
 14113 | Lair:3   | Reached skill level 10 in Fighting
 14118 | Lair:3   | Reached skill level 5 in Spellcasting
 14461 | Lair:3   | Reached skill level 5 in Transmutations
 14463 | Lair:3   | Found a staircase to the Swamp.
 14485 | Lair:3   | Gained mutation: Your natural rate of healing is unusually
                  | fast. [mutagenic glow]
 15208 | Lair:4   | Found a gate leading to a gauntlet.
 15222 | Gauntlet | Entered a Gauntlet
 15222 | Gauntlet | Found a transporter.
 15222 | Gauntlet | Found a runed translucent gate.
 15222 | Gauntlet | Found a transporter.
 15226 | Gauntlet | Found a runed translucent gate.
 15227 | Gauntlet | Found a runed translucent gate.
 15234 | Gauntlet | Found a transporter.
 15238 | Gauntlet | Found a transporter.
 15251 | Gauntlet | Found a transporter.
 15254 | Gauntlet | Found a transporter.
 15256 | Gauntlet | Noticed a death scarab
 15258 | Gauntlet | Noticed a death scarab
 15266 | Gauntlet | Found a transporter.
 15282 | Gauntlet | Found a transporter.
 15306 | Gauntlet | Found a transporter.
 15307 | Gauntlet | Found a transporter.
 15309 | Gauntlet | Noticed a tengu warrior
 15319 | Gauntlet | Found a transporter.
 15323 | Gauntlet | Found a transporter.
 15452 | Gauntlet | Killed a tengu warrior
 15453 | Gauntlet | Reached skill level 14 in Unarmed Combat
 15542 | Gauntlet | Identified the +9 dagger "Gecodinn" {holy, *Rage rCorr
                  | Str+10 Int+3}
 15542 | Gauntlet | Noticed a minotaur
 15553 | Gauntlet | Killed a minotaur
 15566 | Gauntlet | Got Vyemosh's Catalogue of Doomed Shape Shifting
 15583 | Gauntlet | Got Seytz's Guide on Orientation
 15787 | D:7      | Bought the +8 pearl dragon scales "Niunnena" {rN+ Will+}
                  | for 1469 gold pieces
 15798 | D:7      | Upgraded the game from 0.29-a0-529-gfa20dd96a1 to
                  | 0.29-a0-541-gaf1fc19f1b
 16782 | Lair:5   | Noticed a seven-headed hydra
 16788 | Lair:4   | Reached XP level 13. HP: 137/137 MP: 21/23
 17805 | Lair:1   | Upgraded the game from 0.29-a0-541-gaf1fc19f1b to
                  | 0.29-a0-542-g075992c915
 18696 | D:9      | Found an ancient bone altar of Kikubaaqudgha.
 18698 | D:9      | Found a sacrificial altar of Ru.
 18701 | D:9      | Found a stormy altar of Qazlal.
 18715 | D:9      | Found an ornate altar of the Wu Jian Council.
 19107 | D:10     | Entered Level 10 of the Dungeon
 19137 | D:10     | Found a flagged portal.
 19148 | D:10     | Reached skill level 15 in Unarmed Combat
 19190 | Bailey   | Entered a bailey
 19260 | Bailey   | Noticed an orc warlord
 19434 | Bailey   | Found a runed translucent gate.
 19436 | Bailey   | Found a runed translucent gate.
 19503 | Bailey   | Found a runed translucent gate.
 19525 | Bailey   | Killed an orc warlord
 19546 | Bailey   | Identified the +5 mace of Big Damage {venom, *Slow rN++
                  | Str+4 Int+3}
 19740 | D:10     | Identified the +11 flail of Eternal Harmony {vorpal, rPois}
 20170 | D:10     | Found a bloodstained altar of Trog.
 20399 | Lair:1   | Reached skill level 16 in Unarmed Combat
 20399 | Lair:1   | Reached XP level 14. HP: 148/148 MP: 26/26
 20540 | Lair:6   | Entered Level 6 of the Lair of Beasts
 20746 | Lair:6   | Identified the +1 robe of Winter {rC+ rCorr}
 21115 | Lair:6   | Learned a level 6 spell: Eringya's Noxious Bog
 21182 | Lair:6   | Reached skill level 10 in Spellcasting
 21182 | Lair:6   | Reached XP level 15. HP: 156/156 MP: 27/29
 21580 | Lair:6   | Found a staircase to the Slime Pits.
 22288 | Lair:6   | Identified the +5 halberd of Yredelemnul's Regard {distort,
                  | Str+3}
 22546 | Lair:6   | Found a corrupted altar of Lugonu.
 22569 | Lair:6   | Found a one-way gate to the infinite horrors of the Abyss.
 22585 | Lair:6   | Learned a level 6 spell: Statue Form
 23203 | D:11     | Found a frozen archway.
 23211 | IceCv    | Entered an ice cave
 23518 | IceCv    | Identified the amulet "Ifuceqar" {Acrobat rElec}
 23735 | D:11     | Found a staircase to the Orcish Mines.
 23934 | D:11     | Found a runed translucent gate.
 23936 | D:11     | Found a runed translucent gate.
 23936 | D:11     | Found a runed translucent gate.
 23936 | D:11     | Noticed Taurus's ghost (journeyman MiBe)
 23952 | D:11     | Noticed Josephine
 23968 | D:11     | Killed Josephine
 23999 | D:11     | Found a portal to a secret trove of treasure.
 24217 | D:11     | Got the Handbook of Shape Shifting
 24546 | D:11     | Killed Taurus's ghost
 25180 | D:11     | Reached skill level 10 in Transmutations
 25365 | D:12     | Found Diykai's Book Boutique.
 25419 | D:12     | Bought a manual of Transmutations for 1280 gold pieces
 25419 | D:12     | Bought Ozocubu's Autobiography for 384 gold pieces
 25419 | D:12     | Bought a book of Transfigurations for 640 gold pieces
 25425 | D:12     | Learned a level 3 spell: Ozocubu's Armour
 25755 | Snake:1  | Entered Level 1 of the Snake Pit
 25822 | Snake:1  | Learned a level 5 spell: Blade Hands
 26034 | Snake:1  | Found an opulent altar of Gozag.
 26258 | Snake:1  | Reached skill level 5 in Ice Magic
 27307 | Swamp:1  | Entered Level 1 of the Swamp
 27317 | Swamp:1  | Reached XP level 16. HP: 165/165 MP: 23/31
 27624 | Swamp:1  | Learned a level 7 spell: Dragon Form
 27663 | Swamp:1  | Identified the +1 scale mail "Extaomisa" {Int+5 Slay+3}
 27685 | Swamp:1  | Noticed a fenstrider witch
 27693 | Swamp:1  | Killed a fenstrider witch
 28997 | Lair:1   | Upgraded the game from 0.29-a0-542-g075992c915 to
                  | 0.29-a0-551-gffc1d7fb78
 29187 | Snake:2  | Found a flickering gateway to a bazaar.
 29192 | Bazaar   | Entered a bazaar
 29198 | Bazaar   | Found Weumum's Weapon Shop.
 29198 | Bazaar   | Found Qerhuent's Distillery.
 29252 | Bazaar   | Found Tuneh's Armour Shop.
 29268 | Bazaar   | Found Fujixurap's Assorted Antiques.
 29303 | Bazaar   | Bought the +2 rapier of Gozag's Regard {vorpal, *Noise
                  | Str+4 Int+6} for 405 gold pieces
 29309 | Bazaar   | Bought a potion of heal wounds for 35 gold pieces
 29328 | Bazaar   | Bought a scroll of teleportation for 102 gold pieces
 29328 | Bazaar   | Bought a scroll of teleportation for 102 gold pieces
 29347 | Bazaar   | Bought 2 potions of mutation for 112 gold pieces
 29347 | Bazaar   | Bought a potion of curing for 21 gold pieces
 29347 | Bazaar   | Bought a potion of brilliance for 28 gold pieces
 29347 | Bazaar   | Bought a potion of cancellation for 56 gold pieces
 29347 | Bazaar   | Bought a potion of lignification for 21 gold pieces
 29347 | Bazaar   | Bought a potion of might for 28 gold pieces
 29347 | Bazaar   | Bought a potion of flight for 21 gold pieces
 29397 | Snake:2  | Reached skill level 15 in Transmutations
 30092 | Snake:2  | Noticed Aizul
 30107 | Snake:2  | Killed Aizul
 30840 | Snake:3  | Reached skill level 1 in Earth Magic
 31172 | Snake:3  | Reached XP level 17. HP: 172/172 MP: 26/32
 31179 | Snake:3  | Noticed Jorgrun
 31197 | Snake:3  | Killed Jorgrun
 31367 | Snake:3  | Reached skill level 5 in Poison Magic
 32059 | Snake:3  | Reached skill level 5 in Earth Magic
 32066 | Snake:3  | Reached skill level 1 in Shields
 33649 | Snake:4  | Entered Level 4 of the Snake Pit
 33725 | Snake:4  | Noticed Vashnia
 33733 | Snake:4  | Reached skill level 5 in Shields
 33737 | Snake:4  | Killed Vashnia
 34300 | Snake:4  | Noticed Saint Roka
 34315 | Snake:4  | Killed Saint Roka
 34684 | Snake:4  | Reached skill level 17 in Unarmed Combat
 35346 | Lair:1   | Learned a level 2 spell: Passwall
 35688 | Snake:4  | Reached XP level 18. HP: 187/187 MP: 33/33
 35911 | Snake:4  | Reached skill level 15 in Fighting
 36156 | Snake:4  | Got a serpentine rune of Zot
 36678 | Swamp:4  | Entered Level 4 of the Swamp
 36764 | Swamp:4  | Reached skill level 1 in Evocations
 37044 | Swamp:4  | Noticed the 27-headed Lernaean hydra
 37102 | Swamp:4  | Reached skill level 5 in Evocations
 37369 | Swamp:3  | Killed the 27-headed Lernaean hydra
 37793 | Swamp:4  | Got a decaying rune of Zot
 38100 | Orc:1    | Entered Level 1 of the Orcish Mines
 38153 | Orc:1    | You are sucked into a shaft and drop 1 floor!
 38153 | Orc:2    | Entered Level 2 of the Orcish Mines
 38285 | Orc:2    | Found a shimmering blue altar of Sif Muna.
 38306 | Orc:2    | Got Sif Muna's Almanac of the Frostbite
 39026 | Orc:2    | Found Qibo's General Store.
 39028 | Orc:2    | Found Sisufuqu's General Store.
 39250 | Orc:2    | Found a staircase to the Elven Halls.
 39419 | Orc:2    | Reached skill level 10 in Evocations
 39503 | Orc:2    | Found Myclob's Antique Weapon Shop.
 39503 | Orc:2    | Found a one-way gate leading to the halls of Pandemonium.
 39503 | Orc:2    | Found Ydiv's Jewellery Boutique.
 39581 | Orc:2    | Bought a ring of wizardry for 330 gold pieces
 40259 | D:13     | Reached XP level 19. HP: 204/204 MP: 34/34
 40285 | D:13     | Reached skill level 1 in Throwing
 40354 | D:13     | Found a gate to the Vaults.
 41457 | Vaults:1 | Entered Level 1 of the Vaults
 41719 | Vaults:1 | Found Leitunep's Distillery.
 41770 | Vaults:1 | Found a transporter.
 41777 | Vaults:1 | Found a transporter.
 42041 | Vaults:1 | Reached skill level 5 in Throwing
 42805 | Lair:1   | Learned a level 5 spell: Yara's Violent Unravelling
 42988 | Vaults:1 | Found a runed translucent door.
 42988 | Vaults:1 | Found a bloodstained altar of Trog.
 42988 | Vaults:1 | Found the +8 Wrath of Trog {antimagic, *Rage Rampage}
 43007 | Vaults:1 | Identified the +1 chain mail of Anaesthesia {Str+4}
 43133 | Vaults:1 | Identified the +6 glaive of Icsuanoe {flame, rF- rN+++
                  | Str-2 Int+4}
 43397 | Lair:1   | Upgraded the game from 0.29-a0-551-gffc1d7fb78 to
                  | 0.29-a0-553-g81b289dbe5
 43982 | Vaults:2 | You fall into a shaft and drop 2 floors!
 44256 | Vaults:4 | Paralysed by a great orb of eyes for 2 turns
 44450 | Vaults:4 | Found Leafimue's Assorted Antiques.
 44499 | Vaults:4 | Identified the +8 broad axe of Hunleh {vorpal, rElec rPois
                  | rCorr}
 44611 | Vaults:4 | Reached XP level 20. HP: 213/213 MP: 36/36
 44640 | Vaults:4 | Reached skill level 18 in Unarmed Combat
 45502 | Vaults:3 | Noticed Boris
 45510 | Vaults:3 | Killed Boris
 45561 | Vaults:3 | Identified the +4 spear of the Keeping Coward {flame,
                  | Fragile rElec MP+9 Int+2}
 45741 | Vaults:3 | Reached skill level 19 in Unarmed Combat
 45842 | Vaults:3 | Found a staircase to the Crypt.
 46562 | Vaults:2 | Identified the +3 ring mail of Boegim {rPois rF+}
 46715 | Vaults:2 | Reached skill level 10 in Armour
 47435 | Vaults:2 | Found a runed translucent door.
 47437 | Vaults:2 | Noticed Eczaz's ghost (adept DEWz)
 47445 | Vaults:2 | Killed Eczaz's ghost
 48031 | Vaults:1 | Bought 2 potions of curing for 96 gold pieces
 48031 | Vaults:1 | Bought a potion of curing for 48 gold pieces
 48031 | Vaults:1 | Bought a potion of flight for 48 gold pieces
 48031 | Vaults:1 | Bought a potion of heal wounds for 80 gold pieces
 48031 | Vaults:1 | Bought a potion of lignification for 48 gold pieces
 48031 | Vaults:1 | Bought a potion of might for 64 gold pieces
 48031 | Vaults:1 | Bought a potion of might for 64 gold pieces
 48031 | Vaults:1 | Bought a potion of resistance for 160 gold pieces
 48586 | Vaults:3 | Reached XP level 21. HP: 226/226 MP: 37/37
 50498 | Vaults:4 | Upgraded the game from 0.29-a0-553-g81b289dbe5 to
                  | 0.29-a0-555-g3b24f45cc1
 50503 | Vaults:4 | Learned a level 3 spell: Portal Projectile
 50534 | Vaults:4 | Reached skill level 1 in Hexes
 50936 | Vaults:4 | Bought a glowing platinum amulet for 115 gold pieces
 50936 | Vaults:4 | Bought a potion of resistance for 230 gold pieces
 50936 | Vaults:4 | Bought a scroll of teleportation for 69 gold pieces
 50936 | Vaults:4 | Bought a scroll of silence for 172 gold pieces
 50936 | Vaults:4 | Bought a wand of polymorph (4) for 46 gold pieces
 51073 | Vaults:4 | Bought a glowing glaive for 218 gold pieces
 51531 | Vaults:5 | Entered Level 5 of the Vaults
 51537 | Vaults:5 | Reached skill level 1 in Translocations
 51541 | Vaults:5 | Noticed a dread lich
 51560 | Vaults:5 | Gained mutation: Your magical capacity is low. (-10% MP)
                  | [you]
 51568 | Vaults:4 | Killed a dread lich
 51711 | Vaults:5 | Reached skill level 10 in Shields
 51718 | Vaults:5 | Noticed a golden dragon
 51725 | Vaults:5 | HP: 10/440 [yaktaur captain/bolt (17)]
 51728 | Vaults:5 | HP: 4/442 [golden dragon/bolt of cold (11)]
 51732 | Vaults:5 | Noticed a golden dragon
 51816 | Vaults:5 | Killed a golden dragon
 51826 | Vaults:5 | HP: 14/345 [yaktaur captain/bolt (28)]
 51838 | Vaults:5 | Noticed a dread lich
 51839 | Vaults:5 | Killed a golden dragon
 51851 | Vaults:5 | Reached XP level 22. HP: 55/239 MP: 23/34
 51856 | Vaults:5 | Noticed a dread lich
 51859 | Vaults:5 | HP: 7/239 [titan/the air (36)]
 51859 | Vaults:5 | Noticed a dread lich
 51860 | Vaults:5 | HP: 1/239 [yaktaur/bolt[a vault warden] (11)]
 51860 | Vaults:5 | Mangled by a yaktaur (glowing shapeshifter)

Illustrated notes

Levels and vault maps discovered:
D:1:      dpeg_arrival_snail, layout_basic, minmay_tetromino_o2
D:2:      layout_basic, serial_shops, nicolae_square_shop, st_stairs_6,
          uniq_jessica, uniq_terence, uniq_natasha
D:3:      layout_loops_ring, mainiacjoe_overflow_tiny_flanked,
          lemuel_tele_altar, serial_co_window_serial, co_window_corner_a,
          co_window_corner_a, co_window_corner_a, co_window_paths_b,
          co_window_corner_a, co_window_unsneaky_path_d,
          co_window_of_opportunity_c, co_window_2corner, co_window_broadway_a,
          co_window_corner_b, co_window_4corner_b, glass_columns_b,
          basic_ecumenical_altar
D:4:      kennysheep_kobold_camp, layout_basic, nicolae_overflow_hidden_temple
D:5:      layout_loops_cross, supply_closet_lemuel,
          minmay_misc_feat_four_crosses
D:6:      layout_basic
D:7:      layout_rooms, okawaru_metal_pillars_1_2,
          gammafunk_temple_overflow_claw, temple_hall, serial_curves,
          eino_curves_02, eino_curves_03, eino_curves_04,
          nicolae_shop_dragon_depot, minivault_1
D:8:      layout_cave_pods, mainiacjoe_overflow_surrounded_room,
          lair_entry_dummy, blue_anna_alchemist, uniq_grum, uniq_maggie
D:9:      layout_irregular_city, nicolae_overflow_quartered_altars,
          minmay_nine_imps
D:10:     minmay_cornered_nines, layout_long_grid, bloody_trog, enter_bailey_4,
          hangedman_decor_push
D:11:     layout_loops_corners, minmay_orc_entry_temple_small, serial_ice,
          serial_ice_d, serial_ice_o, serial_ice_h, serial_ice_i,
          portal_ice_cave_entry_pillars_1, nicolae_trove_entry_path_of_doom,
          gammafunk_ghost_hydra_chop, uniq_josephine
D:12:     layout_cross, serial_shops, shop
D:13:     layout_irregular_city, grunt_vaults_entry_fortified, hex_tiny
Temple:   jpeg_temple_island
Lair:1:   layout_roguey
Lair:2:   layout_chaotic_city, nicolae_volcano_entry_two_sided
Lair:3:   layout_small_grid, nicolae_swamp_entry_splash_gauntlet,
          guppyfry_snake_entry_garden, grunt_megastairs_3
Lair:4:   layout_regular_city, gauntlet_entry_generic, minmay_lair_drake_nest
Lair:5:   layout_gridlike, serial_bayou_shore_b
Lair:6:   hellmonk_lair_end_abyssal_woods, layout_regular_city,
          dpeg_slime_entry_corner, chequers_serial_rivers_room_a, minivault_24,
          grunt_megastairs_5
Swamp:1:  layout_basic_swamp, evilmike_swamp_ruin_wall,
          infiniplex_staircase_pool
Swamp:2:  layout_falls_marsh, evilmike_swamp_ruin_house_2
Swamp:3:  layout_falls_marsh, evilmike_swamp_ruin_house_1
Swamp:4:  swamp, layout_basic_swamp, swamp_pool5
Snake:1:  layout_chambers, lemuel_oklob_altar
Snake:2:  layout_chambers, serial_shops, bzr_entry_lakeside, uniq_aizul
Snake:3:  layout_onion, uniq_jorgrun
Snake:4:  snake_pit_salamanders_mu, layout_cave_town, uniq_vashnia,
          uniq_saint_roka
Orc:1:    nicolae_orc_accident_2, layout_caves
Orc:2:    pf_orc_diabolical, layout_diamond_mine, led_sif_book
Vaults:1: hangedman_vaults_nodes, ontoclasm_vaults_ring_square, v_alt_pattern_5,
          v_pattern_4, vaults_room_grunt_arrival_ludios, vaults_room_fours,
          v_misc_3, vaults_room_stairs_pillars, vaults_room_pool,
          emtedronai_trogs_sanctum, layout_vaults_maze_bifur, serial_shops,
          nicolae_shop_crystal
Vaults:2: ebering_ghost_reflecting_pool, v_misc_2, v_misc_19,
          nicolae_vaults_yaktaur_gun_rack, vaults_room_door_hall,
          ontoclasm_vaults_gateway, nicolae_vaults_hallways_thing,
          hangedman_vaults_maws, nicolae_vaults_shelves_hall,
          layout_vaults_omnigrid
Vaults:3: v_misc_14, nicolae_vaults_windows_and_doors_thing, v_misc_1,
          v_misc_11, v_rooms_2, minmay_crypt_entry_vampire_xt,
          nicolae_vaults_little_squares_4, vaults_mumra_hex, vaults_mumra_lcd,
          nicolae_vaults_diagonal_hallway_9, vaults_room_fours,
          vaults_room_semicircle, vaults_room_pool,
          ontoclasm_vaults_decontamination, ontoclasm_vaults_claustrophobia,
          layout_vaults_omnibox, uniq_boris
Vaults:4: nicolae_vaults_little_squares_1, nicolae_vaults_fighting_squares,
          nicolae_vaults_three_branches, vaults_standard_mumra_lines,
          ontoclasm_vaults_twist, v_rooms_4, vaults_standard_mumra_x,
          ontoclasm_vaults_pinch, layout_vaults_chaotic_city, serial_shops,
          nicolae_lakefront_shop
Vaults:5

Skill      XL: |  1  2  3  4  5  6  7  8  9 10 11 12 13 14 15 16 17 18 19 20 21 |
---------------+----------------------------------------------------------------+-----
Fighting       | 2 3 4 5 6 7 9 11 12 13 16 17 18 | 18.0
Unarmed Combat | 3 4 5 6 7 9 11 13 14 16 17 19 | 19.0
Transmutations | 2 3 4 6 7 10 16 17 | 17.0
Spellcasting   | 3 4 6 8 10 11 12 | 12.9
Poison Magic   | 1 2 4 5 |  5.0
Dodging        | 2 3 4 5 |  5.0
Ice Magic      | 1 3 4 5 6 |  6.0
Armour         | 3 5 6 7 8 13 14 | 14.3
Earth Magic    | 4 5 |  5.0
Shields        | 5 10 | 10.0
Evocations     | 10 11 | 11.0
Throwing       | 9 |  9.0
Hexes          | 2 |  2.0
Translocations | 2 |  2.0

Action                   |  1- 3 |  4- 6 |  7- 9 | 10-12 | 13-15 | 16-18 | 19-21 | 22-24 || total
-------------------------+-------+-------+-------+-------+-------+-------+-------+-------++-------
Melee: Unarmed           |    75 |   125 |   339 |   379 |  1120 |   727 |   685 |     7 ||  3457
       Kick              |    15 |     7 |     7 |    10 |   403 |       |    12 |       ||   454
       Headbutt          |     8 |     6 |     4 |     5 |   239 |       |    10 |       ||   272
       Punch             |     2 |       |     4 |     3 |   104 |    58 |    74 |       ||   245
       Dagger            |       |       |       |       |     1 |       |       |       ||     1
       Tailslap          |       |       |       |       |       |    80 |   112 |       ||   192
       Bite              |       |       |       |       |       |    45 |    81 |       ||   126
       Rapier            |       |       |       |       |       |     6 |       |       ||     6
 Fire: Longbow           |       |       |       |       |    11 |       |       |       ||    11
Throw: Large rock        |       |       |       |       |       |    13 |       |       ||    13
       Javelin           |       |       |       |       |       |       |     3 |       ||     3
 Cast: Beastly Appendage |    29 |    15 |     3 |     5 |    89 |       |     4 |       ||   145
       Spider Form       |     1 |    23 |    46 |    13 |       |       |       |       ||    83
       Ice Form          |       |       |     1 |    32 |     7 |     1 |       |       ||    41
       Ozocubu's Armour  |       |       |       |       |    16 |    26 |     3 |       ||    45
       Blade Hands       |       |       |       |       |    13 |    11 |     1 |       ||    25
       Dragon Form       |       |       |       |       |       |    87 |    79 |       ||   166
       Eringya's Noxious |       |       |       |       |       |    13 |     7 |       ||    20
       Statue Form       |       |       |       |       |       |     3 |     2 |       ||     5
       Yara's Violent Un |       |       |       |       |       |       |     2 |       ||     2
Invok: Potion Petition   |       |       |       |       |       |     3 |     4 |     1 ||     8
 Abil: End Transformatio |       |       |       |     4 |     5 |    19 |    10 |       ||    38
       Breathe Fire      |       |       |       |       |       |    65 |     7 |       ||    72
Evoke: Wand              |       |       |       |       |    20 |    50 |    14 |       ||    84
       Phantom mirror    |       |       |       |       |       |     1 |     1 |       ||     2
       Tin of tremorston |       |       |       |       |       |     2 |     1 |       ||     3
  Use: Scroll            |       |       |     1 |    28 |     6 |     8 |     3 |       ||    46
       Potion            |       |       |       |     8 |     3 |    12 |     9 |     2 ||    34
 Stab: Sleeping          |     3 |     2 |     1 |       |       |       |       |       ||     6
       Distracted        |       |       |       |     3 |    11 |     3 |    13 |       ||    30
       Invisible         |       |       |       |       |       |     1 |     4 |       ||     5
Armor: Robe              |    27 |    15 |     5 |       |       |       |       |       ||    47
       Skin              |       |     4 |    11 |    45 |     8 |   296 |   224 |       ||   588
       Steam dragon scal |       |       |       |    11 |    14 |    30 |       |       ||    55
       Pearl dragon scal |       |       |       |     3 |   460 |       |    21 |       ||   484
Dodge: Dodged            |    25 |    63 |   235 |   217 |   528 |   459 |   279 |     2 ||  1808
Block: Kite shield       |       |       |       |       |       |    36 |    72 |       ||   108

Table legend: (Time is in decaauts)
 A = Elapsed time spent in this place.
 B = Non-inter-level travel time spent in this place.
 C = Inter-level travel time spent in this place.
 D = Time resting spent in this place.
 E = Time spent auto-exploring this place.
 F = Levels seen in this place.
 G = Mean time per level.
                   A        B        C        D        E       F      G
               +--------+--------+--------+--------+--------+-----+--------+
         Total |  51352 |  40557 |  10795 |   3780 |  18473 |  40 | 1283.8 |
       Dungeon |  18408 |  13078 |   5330 |    837 |   7944 |  13 | 1416.0 |
        Temple |    300 |    286 |     14 |      0 |    255 |   1 |  300.0 |
          Lair |   9565 |   7684 |   1881 |   1029 |   3586 |   6 | 1594.2 |
         Swamp |   3451 |   3073 |    378 |    459 |   1045 |   4 |  862.8 |
     Snake Pit |   7454 |   6438 |   1016 |    827 |   2947 |   4 | 1863.5 |
  Orcish Mines |   1841 |   1785 |     56 |     22 |    831 |   2 |  920.5 |
        Vaults |   8823 |   6706 |   2117 |    547 |   1783 |   5 | 1764.6 |
        Bazaar |    174 |    174 |      0 |      0 |      0 |   1 |  174.0 |
        Bailey |    405 |    405 |      0 |      0 |     54 |   1 |  405.0 |
      Ice Cave |    362 |    362 |      0 |      5 |     26 |   1 |  362.0 |
       Volcano |    205 |    205 |      0 |      0 |      0 |   1 |  205.0 |
      Gauntlet |    358 |    358 |      0 |     54 |      0 |   1 |  358.0 |
               +--------+--------+--------+--------+--------+-----+--------+

Top non-repeatable levels by time:
Vaults:3: 2377 daAuts
     D:8: 2299 daAuts
Vaults:1: 2229 daAuts
 Snake:3: 2206 daAuts
 Snake:4: 2072 daAuts
  Lair:1: 2064 daAuts
Vaults:2: 2023 daAuts
Vaults:4: 2022 daAuts
  Lair:3: 1994 daAuts
     D:4: 1865 daAuts
  Lair:6: 1746 daAuts
 Snake:1: 1722 daAuts
     D:7: 1703 daAuts
    D:11: 1611 daAuts
     D:3: 1483 daAuts
